 Dungeon Crawl Stone Soup version 0.29.1-12-g30fa7ad0bf (webtiles) character file.

Game seed: 11475914113263459859

27 soggyman666 the Magician (level 3, 25/25 HPs)
             Began as a Djinni Fire Elementalist on Dec 14, 2022.
             Quit the game on level 2 of the Dungeon.
             The game lasted 00:03:08 (1981 turns).

soggyman666 the Magician (Djinni Fire Elementalist) Turns: 1981, Time: 00:03:08

Health: 25/25      AC:  3    Str:  7    XL:     3   Next: 25%
Gold:   68         EV: 12    Int: 18    God:
                   SH:  0    Dex: 13

rFire   + + .      SeeInvis .   d - staff of cold
rCold   . . .      Faith    .   (no shield)
rNeg    . . .      Spirit   .   a - +0 robe
rPois   ∞          Reflect  .   (no helmet)
rElec   .          Harm     .   (no cloak)
rCorr   .          Rampage  .   c - +0 pair of gloves
Will    .....                   (boots unavailable)
Stlth   ++........              (no amulet)
HPRegen 0.08/turn               (no ring)
MPRegen 0.00/turn               (no ring)

@: flying
A: sickness immunity, fire resistance 2, cold vulnerability 1, float, innate
caster, HP casting, extra vitality 1
a: no special abilities


You were on level 2 of the Dungeon.
You visited 1 branch of the dungeon, and saw 2 of its levels.

You collected 68 gold pieces.

Inventory:

Armour
 a - a +0 robe (worn)
 c - a +0 pair of gloves (worn)
Magical Staves
 d - a staff of cold (weapon)
Scrolls
 e - a scroll of brand weapon {unknown}
 f - a scroll of fear {unknown}
 g - a scroll of teleportation {unknown}
Potions
 b - a potion of resistance {unknown}


   Skills:
 + Level 2.3 Dodging
 + Level 2.2 Stealth
 + Level 2.9 Spellcasting


You couldn't memorise any spells.
You knew the following spells:

 Your Spells              Type           Power      Damage    Failure   Level
a - Foxfire               Conj/Fire      52%        2x1d6     4%          1
b - Scorch                Fire           26%        2d6       8%          2
c - Conjure Flame         Conj/Fire      13%        6-21      14%         3
d - Inner Flame           Hex/Fire       13%        N/A       14%         3
e - Flame Wave            Conj/Fire      13%        2d6       43%         4
f - Beastly Appendage     Tmut           26%        N/A       4%          1
Your spell library was empty.

Dungeon Overview and Level Annotations

Branches:
Dungeon (2/15)

Altars:

Shops:
D:1 (*!(


Innate Abilities, Weirdness & Mutations

You are immune to sickness and miasma.
You are immune to poison.
Your flesh is very heat resistant. (rF++)
You are vulnerable to cold. (rC-)
You float through the air rather than walking.
You learn spells naturally, not from books.
Your magical power is your life essence.
You have superior vitality. (+4 MHP)


Message History

You conjure some foxfire!
The foxfire hits the adder.
The adder is almost dead.
Casting: Foxfire (safe; 6% risk of failure)
Confirm with . or Enter, or press ? or * to list all spells.
Flames lash the adder.
You kill the adder!
You hear an angry hiss.
Your Stealth skill increases to level 2!
You have reached level 3!
Your experience leads to an increase in your attributes!
Increase (S)trength, (I)ntelligence, or (D)exterity?
You feel clever. x2
The power to cast Beastly Appendage wells up from within.
Spell assigned to 'f'.
A ball python comes into view.
You conjure some foxfire!
Casting: Foxfire (safe; 4% risk of failure)
Confirm with . or Enter, or press ? or * to list all spells.
You grow a pair of large bovine horns.
You closely miss the ball python. You headbutt the ball python.
You kill the ball python!
Your foxfire dissipates!
Your foxfire dissipates!
Your transformation is almost over.
Your horns disappear.
Things that are here:
a ball python corpse; an adder corpse You now have 50 gold pieces (gained 10).
Found a stone staircase leading up.
There is a stone staircase leading up here.
Found a stone staircase leading down.
You now have 68 gold pieces (gained 18).
Found a ring mail.
You see here a +0 ring mail.
f - a scroll labelled ISYTTO MEUSK
g - a scroll labelled DIMOKHL DUFAB
Found an escape hatch in the floor.
Unknown command.
Unknown command.
Are you sure you want to abandon this character and quit the game? (Confirm with "yes".)

####.## #!....#
#....># #.....#
#..... ....
##.############..
#.@.##.##........
#.#.....#.#####.#
#...##..........#
#
##########.######
# #.# # #.# # #.#
# #[# # ##.## ##


There were no monsters in sight!

Vanquished Creatures
  An adder (D:2)
  5 ball pythons
  A bat (D:1)
  3 hobgoblins (D:1)
  3 kobolds (D:1)
  A quokka (D:1)
  2 frilled lizards (D:1)
  A rat (D:1)
17 creatures vanquished.

Vanquished Creatures (collateral kills)
  3 foxfires (D:1)
3 creatures vanquished.

Vanquished Creatures (others)
  101 foxfires
  A fungus (D:1)
102 creatures vanquished.

Grand Total: 122 creatures vanquished

Notes
Turn   | Place    | Note
-------+----------+-------------------------------------------
     0 | D:1      | soggyman666 the Djinni Fire Elementalist began the quest
                  | for the Orb.
     0 | D:1      | soggyman666 set off with the following spells memorised:
                  | Foxfire, Scorch, Conjure Flame, Inner Flame, Flame Wave.
     0 | D:1      | Reached XP level 1. HP: 15/15 MP: 0/0
   111 | D:1      | Found Afiahuf's Distillery.
   280 | D:1      | Found Mionifyr's Antique Weapon Shop.
   735 | D:1      | Reached XP level 2. HP: 17/21 MP: 0/0
  1116 | D:1      | Found Temen's Assorted Antiques.
  1230 | D:1      | Found Amyw Ire's Weapon Emporium.
  1396 | D:1      | Found a faded altar of an unknown god.
  1812 | D:2      | Reached XP level 3. HP: 19/25 MP: 0/0
  1812 | D:2      | Learned a level 1 spell: Beastly Appendage
  1981 | D:2      | Quit the game

Illustrated notes

Levels and vault maps discovered:
D:1:      onia_arrival_pyramid, layout_loops_ring, serial_shops, shop, shop,
          shop, nicolae_diamond_shop, shapermc_ecumenical_altar_acropolis
D:2:      layout_loops_cross, serial_shops, nicolae_shop_overgrown_old_shop,
          bh_walls_and_bars

Skill      XL: |  1  2 |
---------------+-------+-----
Stealth        | 2 |  2.2
Dodging        | |  2.3
Spellcasting   | |  2.9

Action                   || total
-------------------------++-------
Melee: Staff             ||     1
       Headbutt          ||     1
 Cast: Foxfire           ||    75
       Scorch            ||     3
       Beastly Appendage ||     1
Dodge: Dodged            ||     4
